cohdb
Replays
Latest Replays
All Replays
Popular Replays
Top Player Replays
Match Explorer
How It Works
Community
CoH3 Stats
Reddit
Sign in to upload your games and track your stats! →
Sign in with Steam
a dynamic match with wide actions
Match 28194105
Overview
Messages
Build Orders
End
Kradschützen Motorcycle Team
Selects Italian Combined Arms Battlegroup
Selects Bersaglieri Squad
Bersaglieri Squad
Panzergrenadier Squad
Construct Light Support Kompanie
Selects Bersaglieri Bolster
Bersaglieri Squad
2.5-tonne Medical Truck
Construct Mechanized Kompanie
Assault Mechanized Group
8 Rad Armored Car
Support Armor Elements
StuG III D Assault Gun
Emergency Repair Kits
Veteran Squad Leaders
Selects Vehicle Support - Force Recon
Selects Semovente da 75/18 Assault Gun
Selects Strafing Run
StuG III D Assault Gun
Selects Artillery Cover
Marder III Tank Destroyer
Construct Panzerarmee Kommand
Artillery Cover
Assault Mechanized Group
Zuntew
Panzergrenadierangreifer
0
0
Comments
sign in to comment!
No comments posted yet!